 Dungeon Crawl Stone Soup version 0.23.1-37-gaa34b87 (webtiles) character file.

Game seed: 17268766625117786253

952 Lauz the Destroyer (level 7, -1/37 HPs)
             Began as a Deep Elf Conjurer on Mar 23, 2019.
             Was an Initiate of Vehumet.
             Slain by an orc warrior
             ... wielding a +1 mace of holy wrath
              (13 damage)
             ... on level 6 of the Dungeon.
             The game lasted 00:17:17 (5967 turns).

Lauz the Destroyer (Deep Elf Conjurer)              Turns: 5967, Time: 00:17:18

Health: -1/37      AC:  2    Str:  5    XL:     7   Next: 90%
Magic:  9/20       EV: 13    Int: 22    God:    Vehumet [......]
Gold:   156        SH:  0    Dex: 15    Spells: 9/22 levels left

rFire    x . .     SeeInvis .   (no weapon)
rCold    + . .     Gourm    .   (no shield)
rNeg     . . .     Faith    .   a - +0 robe
rPois    .         Spirit   .   (no helmet)
rElec    .         Reflect  .   (no cloak)
rCorr    .         Harm     .   (no gloves)
MR       .....                  (no boots)
Stlth    ++........             (no amulet)
HPRegen  0.12/turn              o - ring of ice
MPRegen  0.17/turn              (no ring)

@: no status effects
A: no striking features
a: Renounce Religion


You were on level 6 of the Dungeon.
You worshipped Vehumet.
Vehumet was noncommittal.
You were not hungry.

You visited 2 branches of the dungeon, and saw 7 of its levels.

You collected 156 gold pieces.

Inventory:

Hand Weapons
 q - a +1 dagger of venom
 s - a +1 dagger of electrocution
Armour
 a - a +0 robe (worn)
 b - a +0 shield
 h - a +0 buckler
Jewellery
 o - a ring of ice (left hand)
 w - the ring "Sorghupidd" {*Tele +Blink}
   (You found it on level 5 of the Dungeon)

   [ring of teleportation]

   It may teleport you next to monsters.
   It lets you blink.
Wands
 y - a wand of digging (7)
Scrolls
 d - 2 scrolls of remove curse {unknown}
 e - 7 scrolls of identify {unknown}
 f - 5 scrolls of teleportation {unknown}
 m - a scroll of enchant armour {unknown}
 p - a scroll of immolation {unknown}
 r - a scroll of magic mapping {unknown}
 v - a scroll of blinking {unknown}
Potions
 g - 2 potions of magic {unknown}
 i - a potion of mutation {unknown}
 j - a potion of haste {unknown}
 k - 2 potions of agility {unknown}
 l - a potion of brilliance {unknown}
 n - 3 potions of curing {unknown}
 t - 2 potions of flight {unknown}
 u - a potion of lignification {unknown}
Comestibles
 c - 12 rations


   Skills:
 + Level 0.8 Fighting
 + Level 3.2 Dodging
 - Level 2.4 Stealth
 + Level 8.2 Spellcasting
 + Level 8.3 Conjurations
 + Level 1.2 Hexes


You had 9 spell levels left.
You knew the following spells:

 Your Spells              Type           Power        Failure   Level  Hunger
a - Magic Dart            Conj           ####         1%          1    None
b - Iskenderun's Mystic   Conj           #####...     2%          4    ###....
c - Force Lance           Conj/Tloc      ####....     13%         4    ###....
d - Fulminant Prism       Conj/Hex       ####......   11%         4    ###....

Your spell library contained the following spells:

 Spells                   Type           Power        Failure   Level  Hunger
 Searing Ray              Conj           #####.       1%          2    None
 Dazzling Spray           Conj/Hex       ####..       3%          3    None


Dungeon Overview and Level Annotations

Branches:
Dungeon (6/15)             Temple (1/1) D:4

Altars:
Ashenzari
Cheibriados
Dithmenos
Elyvilon
Fedhas
Gozag
Kikubaaqudgha
Makhleb
Nemelex Xobeh
Okawaru
Qazlal
Ru
Sif Muna
Trog
Uskayaw
Vehumet
Wu Jian
Xom
Yredelemnul
Zin
The Shining One


Message History

The orc priest shouts!
The orc warrior hits you with a +1 mace of holy wrath!!
Ouch! That really hurt!
* * * LOW HITPOINT WARNING * * *
Your fulminant prism crackles loudly.
You see here an adder corpse.
Your fulminant prism explodes!
The blast of energy engulfs the orc warrior!
The orc warrior is heavily wounded.
You hear a shout! x4
Casting: Fulminant Prism (safe; 11% risk of failure)
Confirm with . or Enter, or press ? or * to list all spells.
Aiming: Iskenderun's Mystic Blast (safe; 2% risk of failure)
Press: ? - help, Shift-Dir - straight line, f - orc warrior
Aim: an orc warrior, wielding a +1 mace of holy wrath and wearing a +0 plate armour (heavily wounded)
The orb of energy hits the orc warrior!
The orc warrior is severely wounded.
The orb of energy explodes!
The orc warrior hits you with a +1 mace of holy wrath!
You die...

#. ##.#
.###... ......
.....## #.
#..########
#.###.o†.o@..#
#..#..######.#
.#####.).##
####.######..
........##
#............
.########
#.##.######.##
#.##..........
#.##..#####.##
########.##..#
........#....#
###


You could see an orc warrior and an orc priest.

Vanquished Creatures
  An ice beast (D:5)
  An ogre (D:5)
  3 scorpions
  A crimson imp (D:5)
  2 orc priests
  2 hounds (D:5)
  3 bullfrog skeletons
  A jelly (D:5)
  A centaur skeleton (D:4)
  An iguana (D:5)
  An orc wizard (D:6)
  2 worker ants
  3 gnolls (D:5)
  8 adders
  2 shadow imps
  An adder skeleton (D:4)
  3 worms
  3 dart slugs (D:2)
  5 leopard geckos
  12 orcs
  9 bats
  7 giant cockroaches
  12 goblins
  5 hobgoblins (D:1)
  7 jackals
  4 ball pythons
  A ball python skeleton (D:4)
  5 frilled lizards
  5 kobolds
  4 rats
115 creatures vanquished.

Vanquished Creatures (others)
  8 fulminant prisms
8 creatures vanquished.

Grand Total: 123 creatures vanquished

Notes
Turn   | Place    | Note
-------+----------+-------------------------------------------
     0 | D:1      | Lauz the Deep Elf Conjurer began the quest for the Orb.
     0 | D:1      | Reached XP level 1. HP: 10/10 MP: 6/6
   157 | D:1      | Reached XP level 2. HP: 15/15 MP: 2/8
   381 | D:1      | Reached skill level 5 in Conjurations
   772 | D:2      | Reached XP level 3. HP: 12/19 MP: 5/9
  1478 | D:2      | Reached XP level 4. HP: 24/24 MP: 9/11
  1584 | D:2      | Found a deep blue altar of Sif Muna.
  2400 | D:3      | Reached XP level 5. HP: 28/28 MP: 8/13
  2411 | D:3      | Learned a level 4 spell: Iskenderun's Mystic Blast
  2923 | D:4      | Reached skill level 5 in Spellcasting
  3275 | D:4      | Reached XP level 6. HP: 32/32 MP: 4/16
  3720 | D:4      | Learned a level 4 spell: Force Lance
  3725 | D:4      | Learned a level 4 spell: Fulminant Prism
  3772 | D:4      | Found a glowing golden altar of the Shining One.
  3795 | D:4      | Found a staircase to the Ecumenical Temple.
  4371 | D:5      | Entered Level 5 of the Dungeon
  4527 | D:5      | Noticed an ice beast
  4531 | D:5      | Killed an ice beast
  4531 | D:5      | Reached XP level 7. HP: 36/36 MP: 4/19
  4800 | Temple   | Entered the Ecumenical Temple
  4868 | Temple   | Became a worshipper of Vehumet
  5294 | D:5      | Got an ancient bone ring
  5296 | D:5      | Identified the ring "Sorghupidd" {*Tele +Blink} (You found
                  | it on level 5 of the Dungeon)
  5475 | D:5      | Reached skill level 1 in Hexes
  5967 | D:6      | Slain by an orc warrior

Skill      XL: |  1  2  3  4  5  6  7 |
---------------+----------------------+-----
Conjurations   | 5 6 7 8 |  8.3
Spellcasting   | 4 5 6 8 |  8.2
Dodging        | 3 |  3.2
Hexes          | 1 |  1.2
Fighting       | |  0.8
Stealth        | |  2.4

Action                   |  1- 3 |  4- 6 |  7- 9 || total
-------------------------+-------+-------+-------++-------
 Cast: Magic Dart        |    68 |   113 |    35 ||   216
       Iskenderun's Myst |       |    25 |    12 ||    37
       Fulminant Prism   |       |     1 |     7 ||     8
  Eat: Chunk             |     1 |    11 |     5 ||    17
       Ration            |       |     1 |       ||     1
Armor: Robe              |     1 |     5 |     3 ||     9
Dodge: Dodged            |     5 |    19 |    18 ||    42
